 Dungeon Crawl Stone Soup version 0.13-a0-1585-g6f4f798 (webtiles) character file.

138 Kae the Slinger (level 4, -6/29 HPs)
             Began as a Halfling Hunter on June 13, 2013.
             Mangled by a goliath beetle zombie (20 damage)
             ... on Level 3 of the Dungeon.
             The game lasted 00:01:56 (1748 turns).

Kae the Slinger (Halfling Hunter)                   Turns: 1748, Time: 00:01:56

HP  -6/29        AC  5     Str  9      XL: 4   Next: 48%
MP   3/3         EV 12     Int 11      God:
Gold 66          SH  0     Dex 17      Spells:  0 memorised,  3 levels left

Res.Fire  : . . .   See Invis. : .   b - +1 sling
Res.Cold  : . . .   Warding    : .   d - +0 leather armour
Life Prot.: . . .   Conserve   : .   (no shield)
Res.Poison: .       Res.Corr.  : .   (no helmet)
Res.Elec. : .       Clarity    : .   o - +0 cloak
Sust.Abil.: . .     Spirit.Shd : .   p - +0 pair of gauntlets
Res.Mut.  : .       Stasis     : .   (no boots)
Res.Rott. : .       Flight     : .   (no amulet)
Saprovore : . . .                    (no ring)
                                     (no ring)

@: slightly resistant to hostile enchantments, fairly stealthy
A: mutation resistance 1, slow metabolism 1
a: no special abilities


You were on level 3 of the Dungeon.
You were hungry.

You visited 1 branch of the dungeon, and saw 3 of its levels.

You collected 46 gold pieces.

Inventory:

Hand weapons
 a - a +0,+0 short sword
 b - a +1,+1 sling (weapon)
Missiles
 c - 20 sling bullets
 e - 41 stones (quivered)
Armour
 d - a +0 leather armour (worn)
 o - a +0 cloak (worn)
 p - a +0 pair of gauntlets (worn)
Comestibles
 f - a bread ration
 m - a choko
 q - an apple
 u - a pear
Scrolls
 h - a scroll of identify {unknown}
 l - a scroll of magic mapping {unknown}
 n - a scroll of remove curse {unknown}
 t - a scroll of teleportation {unknown}
Jewellery
 g - an uncursed ring of poison resistance {unknown}
Potions
 i - a potion of agility {unknown}
 j - a potion of flight {unknown}
 k - a potion of restore abilities {unknown}
 r - a potion of poison {unknown}
 s - 2 potions of curing {unknown}


   Skills:
 - Level 0.8 Fighting
 + Level 8.2 Slings
 - Level 2.4 Dodging
 - Level 1.3 Stealth


You had 3 spell levels left.
You didn't know any spells.

Dungeon Overview and Level Annotations

Branches:
Dungeon (3/27)

Altars:


Innate Abilities, Weirdness & Mutations

You are small and have problems with some larger weapons.
You are somewhat resistant to further mutation.
You have a slow metabolism.


Message History

Firing (i - inventory. (,) - cycle):
e - 44 stones (quivered)
Press: ? - help, Shift-Dir - straight line, f/p - goliath beetle zombie
Aim: a goliath beetle zombie You shoot a stone.
The stone hits the goliath beetle zombie.
The adder closely misses you.
Firing (i - inventory. (,) - cycle):
e - 43 stones (quivered)
Press: ? - help, Shift-Dir - straight line, f/p - goliath beetle zombie
Aim: a goliath beetle zombie You shoot a stone.
The stone hits the goliath beetle zombie.
The adder barely misses you.
Firing (i - inventory. (,) - cycle):
e - 42 stones (quivered)
Press: ? - help, Shift-Dir - straight line, f/p - goliath beetle zombie
Aim: a goliath beetle zombie You shoot a stone.
The stone hits the goliath beetle zombie.
The adder barely misses you. The goliath beetle zombie bites you!
Ouch! That really hurt!
You die...

######+###
#........#
#.....@z^#
#.....S..#
#........#
#........#
#........#
#........#
........#
.......#
###


You could see an adder and a goliath beetle zombie.

Vanquished Creatures
  3 adders (D:2)
  A giant gecko (D:1)
  5 giant cockroaches
  2 goblins (D:1)
  10 hobgoblins
  6 bats
  4 giant newts
  5 kobolds
  9 rats
45 creatures vanquished.

Vanquished Creatures (others)
  A kobold (D:1)
1 creature vanquished.

Grand Total: 46 creatures vanquished

Notes
Turn   | Place    | Note
--------------------------------------------------------------
     0 | D:1      | Kae, the Halfling Hunter, began the quest for the Orb.
     0 | D:1      | Reached XP level 1. HP: 14/14 MP: 0/0
    14 | D:1      | Reached skill level 6 in Slings
   175 | D:1      | Reached XP level 2. HP: 10/19 MP: 1/1
   815 | D:1      | Reached skill level 7 in Slings
   815 | D:1      | Reached XP level 3. HP: 22/24 MP: 2/2
  1190 | D:2      | Reached XP level 4. HP: 15/29 MP: 3/3
  1287 | D:2      | Reached skill level 8 in Slings
  1748 | D:3      | Mangled by a goliath beetle zombie

Action                   |  1- 3 |  4- 6 || total
-------------------------+-------+-------++-------
Melee: Short sword       |    72 |       ||    72
 Fire: Sling             |    39 |    38 ||    77
